 Dungeon Crawl Stone Soup version 0.30-a0-965-g42e074c17a (webtiles) character file.

Game seed: 1052142653429594898

47937 gelatine the Cleaver (level 14, 0/162 HPs)
             Began as a Demonspawn Fighter on Mar 30, 2023.
             Was a Believer of Sif Muna.
             Slain by an emperor scorpion (16 damage)
             ... on level 1 of the Spider Nest.
             The game lasted 00:58:17 (17394 turns).

gelatine the Cleaver (Demonspawn Fighter)          Turns: 17394, Time: 00:58:18

Health: 0/162      AC: 27    Str: 22    XL:     14   Next: 10%
Magic:  0/18       EV:  2    Int:  9    God:    Sif Muna [**....]
Gold:   1223       SH:  9    Dex: 13    Spells: 16/19 levels left

rFire   . . .      SeeInvis .    K - +1 war axe (flame)
rCold   . . .      Faith    .    j - +3 warlock's mirror {omnireflect}
rNeg    . . .      Spirit   +    X - melded +0 ice dragon scales
rPois   +          Reflect  +    (helmet unavailable)
rElec   .          Rampage  .    t - melded scarf {rC+ rF+}
rCorr   .          NoTele   +    U - melded +1 pair of gloves
Will    +....                    (boots currently unavailable)
Stlth   ++                       (no amulet)
HPRegen 0.47/turn                N - ring of poison resistance
MPRegen 0.32/turn                C - ring "Qexzaihu" {+Blink Slay+4}

@: mighty, tree-form (expiring), studying 2 skills
A: stationary, stasis, torment immunity, boosted hp, (horns 3), (large bone
plates 3), (spiny 1), magic shield, magic regeneration, magic link, (talons 1),
MP-powered wands
a: Renounce Religion, Evoke Blink, Channel Magic


You were on level 1 of the Spider Nest.
You worshipped Sif Muna.
Sif Muna was pleased with you.
You were a tree.
You visited 4 branches of the dungeon, and saw 16 of its levels.
You also visited: Bailey, Ice Cave and Volcano.

You collected 1223 gold pieces.

Inventory:

Hand Weapons
 b - the +4 hand axe of the Eleven Brambles {flame, Will+}
   (You found it on level 8 of the Dungeon)

   Will:      It increases your willpower.
 B - the +11 hand axe of Circular Logic {protect, rN+ Int+4}
   (You found it in a bailey)

   Int:       It affects your intelligence (+4).
   rN:        It protects you from negative energy.
 K - a +1 war axe of flaming (weapon)
 M - a +1 broad axe of venom
Missiles
 Q - 2 javelins
 R - 2 atropa-tipped darts (quivered)
 T - 2 boomerangs
Armour
 d - a +4 ring mail
 g - a +2 leather armour of fire resistance
 j - the +3 warlock's mirror (worn) {omnireflect}
   (You found it in a bailey)

   Omnireflect: It can block and reflect piercing ranged attacks and magical
   attacks against the wielder's willpower.
 q - the +0 plate armour of Boiling Hail {rF+ Will++}
   (You found it on level 2 of the Dungeon)

   rF:        It protects you from fire.
   Will:      It greatly increases your willpower.
 t - a scarf of resistance (melded)
 J - a +2 hat
 O - the +1 robe of the Kissing Gods {rF+ rN+ Str+2 Int+2}
   (You found it on level 10 of the Dungeon)

   Str:       It affects your strength (+2).
   Int:       It affects your intelligence (+2).
   rF:        It protects you from fire.
   rN:        It protects you from negative energy.
 U - a +1 pair of gloves (melded)
 X - +0 ice dragon scales (melded)
Magical Staves
 F - a staff of poison
Jewellery
 f - an amulet of faith
 s - a ring of see invisible
 A - a ring of flight
 C - the ring "Qexzaihu" (right branch) {+Blink Slay+4}
   (You acquired it on level 1 of the Lair of Beasts)

   [ring of slaying]

   Slay:      It affects your accuracy & damage with ranged weapons and melee
   (+4).
   +Blink:    It lets you blink.
 G - a +6 ring of strength
 N - a ring of poison resistance (left branch)
Wands
 a - a wand of flame (51)
 c - a wand of mindburst (2)
 n - a wand of charming (5)
 V - a wand of polymorph (8)
Scrolls
 e - a scroll of silence
 i - 5 scrolls of poison
 k - 2 scrolls of enchant armour
 r - a scroll of blinking
 u - 10 scrolls of teleportation
 w - 2 scrolls of magic mapping
 y - a scroll of butterflies
 D - 2 scrolls of noise
 Y - 2 scrolls of fog
Potions
 h - 2 potions of might
 l - a potion of lignification
 m - 2 potions of invisibility
 o - 4 potions of curing
 v - 2 potions of mutation
 z - 4 potions of magic
 H - a potion of ambrosia
 I - 4 potions of cancellation {unknown}
 L - 7 potions of resistance
 P - 3 potions of flight
 Z - a potion of haste {unknown}


   Skills:
 * Level 9.3 Fighting
 * Level 11.5(12.1) Axes
 + Level 5.7(9.4) Polearms
 + Level 4.1 Throwing
 * Level 9.7 Armour
 * Level 7.4 Dodging
 + Level 1.7 Stealth
 * Level 9.2 Shields
 + Level 3.0 Spellcasting
 + Level 2.4 Transmutations
 + Level 2.7 Fire Magic
 * Level 8.3 Poison Magic
 + Level 2.7 Evocations


You had 16 spell levels left.
You knew the following spells:

 Your Spells              Type           Power      Damage    Failure   Level
a - Ignite Poison         Fire/Tmut/Pois 9%         N/A       17%         3

Your spell library contained the following spells:

 Spells                   Type           Power      Damage    Failure   Level
 Lesser Beckoning         Tloc           2%         N/A       50%         2
 Kindle Blastsparks       Fire/Tloc/Air  6%         2d10      58%         3
 Gell's Gravitas          Tloc           1%         N/A       73%         3
 Hailstorm                Conj/Ice       1%         3d3       73%         3
 Teleport Other           Tloc           1%         N/A       73%         3
 Ice Form                 Ice/Tmut       3%         N/A       92%         4
 Airstrike                Air            0%         2d(1-17)  98%         4
 Animate Armour           Summ/Erth      2%         N/A       98%         4
 Summon Lightning Spire   Summ/Air       1%         N/A       98%         4
 Blade Hands              Tmut           2%         N/A       98%         5
 Plasma Beam              Fire/Air       1%         2x1d8     99%         5
 Freezing Cloud           Conj/Ice/Air   0%         6-21      100%        5
 Iron Shot                Conj/Erth      0%         9d1       100%        6
 Simulacrum               Ice/Necr       0%         N/A       100%        6
 Storm Form               Tmut/Air       1%         N/A       100%        7
 Maxwell's Capacitive Co  Air            0%         ∞         100%        8


Dungeon Overview and Level Annotations

Branches:
Dungeon (11/15)            Temple (1/1) D:7            Lair (3/5) D:11
 Shoals (0/4) Lair:3       Spider (1/4) Lair:3          Orc (0/2) D:10
 Bailey (visited)           IceCv (visited)         Volcano (visited)

Altars:
Ashenzari
Cheibriados
Dithmenos
Fedhas
Gozag
Hepliaklqana
Kikubaaqudgha
Makhleb
Nemelex Xobeh
Okawaru
Qazlal
Ru
Sif Muna
Trog
Uskayaw
Vehumet
Wu Jian
Xom
Yredelemnul


Innate Abilities, Weirdness & Mutations

You are a tree.
Your roots penetrate the ground, keeping you stationary.
You cannot be teleported.
You are immune to unholy pain and torment.
Your maximum health is greatly increased.
Your equipment is partially melded.
((You have a pair of large horns on your head.))
((You are completely covered in large bone plates. (SH +8)))
((You are partially covered in sharp spines.))
When hurt, damage is shared between your health and your magic reserves.
You regenerate magic rapidly.
When low on magic, you restore magic in place of health.
((You have sharp toenails.))
You expend magic power (3 MP) to strengthen your wands.


Message History

The emperor scorpion claws you.
* * * LOW HITPOINT WARNING * * *
The emperor scorpion claws you but does no damage.
You feel very mighty all of a sudden.
You block the emperor scorpion's attack. x2
The emperor scorpion claws you but does no damage.
You feel better. The emperor scorpion stings you!
* * * LOW HITPOINT WARNING * * *
You block the emperor scorpion's attack.
The emperor scorpion claws you but does no damage.
You feel better.
You block the emperor scorpion's attack. x2
The emperor scorpion claws you but does no damage.
You feel better. The emperor scorpion stings you!
* * * LOW HITPOINT WARNING * * *
The emperor scorpion claws you.
* * * LOW HITPOINT WARNING * * *
You block the emperor scorpion's attack.
You feel better.
The emperor scorpion stings you but does no damage.
The emperor scorpion claws you but does no damage.
You block the emperor scorpion's attack.
The emperor scorpion stings you but does no damage.
The emperor scorpion claws you but does no damage. x2
You hit the emperor scorpion but do no damage.
The emperor scorpion is heavily wounded.
Your transformation is almost over.
You block the emperor scorpion's attack. x2
The emperor scorpion claws you.
* * * LOW HITPOINT WARNING * * *
You barely miss the emperor scorpion.
The emperor scorpion is heavily wounded.
The emperor scorpion stings you!
* * * LOW HITPOINT WARNING * * *
The emperor scorpion claws you but does no damage.
You block the emperor scorpion's attack.
You hit the emperor scorpion. You burn the emperor scorpion.
The emperor scorpion is severely wounded.
The emperor scorpion stings you!!
You die...

#..## #....... #...# #......s
#..###..#..## ## #..#..#..#. .##
#### ##.....#.#.. ..#####..###
##..##..#..#^ #......#...##
##.####..#..##
###.#####.##.#######..# #..####?
......##..# #...♣s....## #... #).
.####.....###..#.......###....#..
# ##.........##.......##...##.. #
##...#..†..........##..####$
#..####.........### ##
##..>^...#....###
^..###########.# .. ##.# ... #.#


You could see an emperor scorpion.

Vanquished Creatures
  Gastronok (D:9)
  A frost giant (IceCv)
  A fire dragon (Volcano)
  2 hydras (Lair:3)
  2 catoblepae
  5 boulder beetles
  A two-headed ogre (D:11)
  6 death yaks (IceCv)
  4 sun demons (Volcano)
  A pharaoh ant (Spider:1)
  A skyshark (Lair:3)
  Pikel (D:6)
  2 orc knights (Bailey)
  A cyclops (D:11)
  An orc sorcerer (Bailey)
  2 wolf spiders (Spider:1)
  5 elephants (Lair:1)
  A demonic crawler (Spider:1)
  An ice statue (IceCv)
  4 black mambas
  2 water nymphs (Lair:3)
  7 cane toads
  A torpor snail (Lair:3)
  An unseen horror (D:9)
  4 komodo dragons
  8 rime drakes
  A kobold demonologist (Bailey)
  A troll (D:9)
  A tarantella (Spider:1)
  4 polar bears (IceCv)
  2 hornets
  3 blink frogs (Lair:1)
  Sigmund (D:3)
  6 culicivoras
  5 shadows
  A jumping spider (Spider:1)
  A vampire (D:9)
  2 wyverns
  Eustachio (D:6)
  59 yaks
  2 redbacks
  4 steam dragons (Volcano)
  An acid dragon (D:11)
  3 hell hounds (Volcano)
  8 water moccasins
  12 orc warriors
  2 ice beasts (D:5)
  11 wolves (IceCv)
  5 centaurs
  A phantom (D:5)
  7 bullfrogs
  A gnoll sergeant (D:11)
  4 wights (D:9)
  7 killer bees
  5 howler monkeys
  6 electric eels (Bailey)
  3 orc priests
  3 hounds
  2 jellies
  3 sleepcaps
  2 iguanas
  9 orc wizards
  Robin (D:2)
  5 adders
  10 gnolls
  3 shadow imps
  A white imp (D:7)
  An ufetubus (D:4)
  A worm (D:3)
  2 dart slugs
  27 orcs
  5 endoplasms
  2 giant cockroaches
  15 hobgoblins
  8 jackals
  8 kobolds
  8 quokkas
  8 ball pythons
  3 bats
  4 frilled lizards
  31 goblins
  4 rats
402 creatures vanquished.

Vanquished Creatures (others)
  4 fungi
  38 plants
42 creatures vanquished.

Grand Total: 444 creatures vanquished

Notes
Turn   | Place    | Note
-------+----------+-------------------------------------------
     0 | D:1      | gelatine the Demonspawn Fighter began the quest for the
                  | Orb.
     0 | D:1      | Reached XP level 1. HP: 18/18 MP: 1/1
   116 | D:1      | Gained mutation: You are partially covered in sharp spines.
                  | [demonic ancestry]
   116 | D:1      | Reached XP level 2. HP: 6/24 MP: 2/2
   301 | D:1      | Reached skill level 2 in Axes
   476 | D:1      | Gained mutation: You regenerate magic rapidly. [demonic
                  | ancestry]
   476 | D:1      | Reached XP level 3. HP: 27/29 MP: 3/3
  1032 | D:2      | Reached XP level 4. HP: 34/35 MP: 5/5
  1116 | D:2      | Reached skill level 1 in Spellcasting
  1179 | D:2      | Noticed Robin
  1185 | D:2      | Killed Robin
  1186 | D:2      | Reached skill level 1 in Dodging
  1318 | D:2      | Identified the +0 plate armour of Boiling Hail {rF+ Will++}
  1767 | D:3      | Noticed Sigmund
  1778 | D:3      | Killed Sigmund
  1779 | D:3      | Reached skill level 3 in Axes
  1779 | D:3      | Reached XP level 5. HP: 17/42 MP: 6/6
  1779 | D:3      | Gained mutation: When hurt, damage is shared between your
                  | health and your magic reserves. [demonic ancestry]
  1779 | D:3      | Reached XP level 6. HP: 20/48 MP: 7/7
  1986 | D:3      | Reached skill level 4 in Axes
  2142 | D:3      | Found a sparkling altar of Nemelex Xobeh.
  2693 | D:4      | Found an opulent altar of Gozag.
  3193 | D:5      | Entered Level 5 of the Dungeon
  3193 | D:5      | Noticed an ice beast
  3200 | D:5      | Killed an ice beast
  3201 | D:5      | Reached skill level 1 in Polearms
  3201 | D:5      | Gained mutation: You have a pair of small horns on your
                  | head. [demonic ancestry]
  3201 | D:5      | Reached XP level 7. HP: 44/54 MP: 6/8
  3291 | D:5      | Reached skill level 1 in Throwing
  4247 | D:6      | Noticed Eustachio
  4263 | D:6      | Killed Eustachio
  4613 | D:6      | Gained mutation: You are partially covered in large bone
                  | plates. (SH +4) [demonic ancestry]
  4613 | D:6      | Reached XP level 8. HP: 61/61 MP: 9/9
  4966 | D:6      | Noticed Pikel
  4977 | D:6      | Killed Pikel
  5453 | D:7      | Reached skill level 5 in Armour
  5528 | D:7      | Found a flagged portal.
  5534 | Bailey   | Entered a bailey
  5652 | Bailey   | Reached skill level 5 in Fighting
  5679 | Bailey   | Gained mutation: When low on magic, you restore magic in
                  | place of health. [demonic ancestry]
  5679 | Bailey   | Reached XP level 9. HP: 44/68 MP: 8/10
  5689 | Bailey   | Noticed an orc knight
  5704 | Bailey   | Killed an orc knight
  5705 | Bailey   | Reached skill level 5 in Shields
  5762 | Bailey   | Noticed a kobold demonologist
  5775 | Bailey   | Killed a kobold demonologist
  6182 | Bailey   | Noticed an orc knight
  6197 | Bailey   | Killed an orc knight
  6198 | Bailey   | Reached skill level 5 in Polearms
  6542 | Bailey   | Found an iron altar of Okawaru.
  6542 | Bailey   | Noticed an orc sorcerer
  6551 | Bailey   | Killed an orc sorcerer
  6552 | Bailey   | Gained mutation: You have a pair of horns on your head.
                  | [demonic ancestry]
  6552 | Bailey   | Reached XP level 10. HP: 46/76 MP: 6/11
  6731 | Bailey   | Found the +3 warlock's mirror {omnireflect}
  6749 | Bailey   | Identified the +11 hand axe of Circular Logic {protect, rN+
                  | Int+4}
  7220 | D:7      | Found a staircase to the Ecumenical Temple.
  7413 | D:7      | Found a shimmering blue altar of Sif Muna.
  7556 | Temple   | Entered the Ecumenical Temple
  7576 | Temple   | Learned a level 3 spell: Ignite Poison
  7778 | D:8      | Identified the +4 hand axe of the Eleven Brambles {flame,
                  | Will+}
  8029 | D:8      | Found a shadowy altar of Dithmenos.
  8029 | D:8      | Found a sacrificial altar of Ru.
  8031 | D:8      | Found a basalt altar of Yredelemnul.
  8038 | D:8      | Found a hazy altar of Hepliaklqana.
  8085 | D:9      | Reached skill level 1 in Fire Magic
  8089 | D:9      | Reached skill level 1 in Stealth
  8159 | D:9      | Reached skill level 5 in Axes
  8274 | D:9      | Found an iron altar of Okawaru.
  8304 | D:9      | Reached skill level 1 in Evocations
  8341 | D:9      | Reached skill level 1 in Transmutations
  8341 | D:9      | Reached skill level 1 in Poison Magic
  8448 | D:9      | Found a broken altar of Ashenzari.
  8456 | D:9      | Noticed Gastronok
  8485 | D:9      | Killed Gastronok
  8486 | D:9      | Reached skill level 6 in Axes
  8486 | D:9      | Reached XP level 11. HP: 44/82 MP: 10/14
  8914 | D:10     | Entered Level 10 of the Dungeon
  8931 | D:10     | Found a blossoming altar of Fedhas.
  9150 | D:10     | Found a staircase to the Orcish Mines.
  9175 | D:10     | Reached skill level 5 in Dodging
  9491 | D:10     | Noticed a boulder beetle
  9534 | D:10     | Killed a boulder beetle
  9802 | D:10     | Identified the +1 robe of the Kissing Gods {rF+ rN+ Str+2
                  | Int+2}
  9878 | D:11     | Acquired a manual of Poison Magic
 10187 | D:11     | Found a staircase to the Lair.
 10277 | D:11     | Noticed a two-headed ogre
 10284 | D:11     | Killed a two-headed ogre
 10285 | D:11     | Reached skill level 7 in Axes
 10603 | Lair:1   | Entered Level 1 of the Lair of Beasts
 11102 | Lair:1   | Reached XP level 12. HP: 77/91 MP: 14/16
 11107 | Lair:1   | Acquired the ring "Qexzaihu" {+Blink Slay+4}
 11400 | Lair:1   | Reached skill level 8 in Axes
 11583 | Lair:1   | Noticed a catoblepas
 11592 | Lair:1   | Killed a catoblepas
 11593 | Lair:1   | Reached skill level 5 in Poison Magic
 11928 | Lair:2   | Reached skill level 9 in Axes
 12222 | Lair:2   | Found a dark tunnel.
 12227 | Volcano  | Entered a volcano
 12336 | Volcano  | HP: 1/92 [sun demon (4)]
 12926 | Volcano  | Noticed a fire dragon
 12945 | Volcano  | Killed a fire dragon
 13746 | D:7      | Became a worshipper of Sif Muna the Loreminder
 13974 | Lair:3   | Found a frozen archway.
 13981 | IceCv    | Entered an ice cave
 13998 | IceCv    | Noticed a death yak
 14006 | IceCv    | Gained mutation: You are mostly covered in large bone
                  | plates. (SH +6) [demonic ancestry]
 14006 | IceCv    | Reached XP level 13. HP: 98/98 MP: 17/17
 14027 | IceCv    | Reached skill level 10 in Axes
 14367 | IceCv    | Reached * piety under Sif Muna
 14438 | IceCv    | Noticed a frost giant
 14454 | IceCv    | Killed a frost giant
 14596 | IceCv    | Gained mutation: You are completely covered in large bone
                  | plates. (SH +8) [potion of mutation]
 14596 | IceCv    | Gained mutation: You expend magic power (3 MP) to
                  | strengthen your wands. [potion of mutation]
 14596 | IceCv    | Gained mutation: You have sharp toenails. [potion of
                  | mutation]
 14604 | IceCv    | Upgraded the game from 0.30-a0-964-gd452b5e7fa to
                  | 0.30-a0-965-g42e074c17a
 15593 | Lair:3   | Found a hole to the Spider Nest.
 15696 | Lair:3   | Reached skill level 11 in Axes
 16123 | Lair:3   | Reached ** piety under Sif Muna
 16128 | Lair:3   | Identified the +5 quarterstaff of Weot {holy, *Rage rCorr
                  | Str+3}
 16640 | Spider:1 | Entered Level 1 of the Spider Nest
 16707 | Spider:1 | Gained mutation: You have a pair of large horns on your
                  | head. [demonic ancestry]
 16707 | Spider:1 | Reached XP level 14. HP: 88/108 MP: 13/18
 17139 | Spider:1 | Noticed an emperor scorpion
 17394 | Spider:1 | Slain by an emperor scorpion

Illustrated notes

Levels and vault maps discovered:
D:1:      lemuel_arrival_behind_the_door_large, layout_basic
D:2:      layout_basic, uniq_robin
D:3:      layout_loops_ring, amcnicky_altar_gilded, amcnicky_mini_pool_small,
          uniq_sigmund
D:4:      layout_cave_pools, grunt_gozag_statues
D:5:      layout_cave_pods, lemuel_tele_altar
D:6:      layout_basic, nrook_mini_vaults, uniq_eustachio, uniq_pikel
D:7:      layout_rooms, kennysheep_orc_sif_temple, minmay_temple_entry_ruins,
          enter_bailey_3
D:8:      layout_rooms, mainiacjoe_overflow_alcove_2,
          chequers_temple_overflow_statue_of_worship
D:9:      layout_roguey, mainiacjoe_overflow_brackets, kennysheep_mini_moat,
          serial_rivers, chequers_serial_rivers_marsh,
          chequers_serial_rivers_small_b, chequers_serial_rivers_micro_d,
          chequers_serial_rivers_micro_b, chequers_serial_rivers_micro_b,
          uniq_gastronok
D:10:     layout_gridville, mainiacjoe_overflow_chevrons
D:11:     layout_big_octagon, david_lair_shrubbed, kb_lookout_dungeons_type
Temple:   hellmonk_temple_rainy
Lair:1:   layout_hall_layers
Lair:2:   layout_roguey, enter_volcano_4, grunt_megastairs_4,
          lemuel_fruit_fields, lemuel_fruit_fields, serial_bayou_shore_b
Lair:3:   nzn_winding_woodlands_stair_cross
          [nzn_winding_woodlands_5x15_lazy_stream,
          nzn_winding_woodlands_center_lodge, nzn_winding_woodlands_5x15_twine,
          nzn_winding_woodlands_5x5_checkerboard,
          nzn_winding_woodlands_5x5_three, nzn_winding_woodlands_5x15_cabin,
          nzn_winding_woodlands_center_garden,
          nzn_winding_woodlands_5x15_default], layout_regular_city,
          nicolae_shoals_entry_flooding, spider_nest_entry_funnel_web,
          portal_ice_cave_entry_pillars_2
Spider:1: layout_cave_pods, nicolae_spider_bug_shape

Skill      XL: |  1  2  3  4  5  6  7  8  9 10 11 12 13 |
---------------+----------------------------------------+-----
Axes           | 2 3 4 6 7 9 11 | 11.5
Shields        | 3 4 5 6 7 9 |  9.2
Armour         | 3 4 5 6 7 8 9 |  9.7
Spellcasting   | 1 2 3 |  3.0
Dodging        | 1 2 3 4 5 6 7 |  7.4
Fighting       | 4 5 6 7 8 9 |  9.3
Polearms       | 1 2 4 5 |  5.7
Throwing       | 2 3 4 |  4.1
Fire Magic     | 2 |  2.7
Stealth        | 1 |  1.7
Evocations     | 1 2 |  2.7
Transmutations | 1 2 |  2.4
Poison Magic   | 1 4 6 8 |  8.3

Action                     |  1- 3 |  4- 6 |  7- 9 | 10-12 | 13-15 || total
---------------------------+-------+-------+-------+-------+-------++-------
  Melee: War axe           |    70 |    40 |       |       |   104 ||   214
         Halberd           |       |    47 |   142 |    14 |       ||   203
         Headbutt          |       |       |    26 |   124 |    98 ||   248
         Hand axe          |       |       |       |   467 |   229 ||   696
         Kick              |       |       |       |       |   103 ||   103
  Throw: Dart              |       |    23 |    47 |    13 |     7 ||    90
         Javelin           |       |    10 |    18 |     8 |     4 ||    40
         Boomerang         |       |       |       |       |     6 ||     6
Ability: Evoke Blink       |       |       |       |       |     1 ||     1
  Evoke: Wand              |       |       |       |     2 |     8 ||    10
    Use: Scroll            |       |     4 |     3 |    11 |    15 ||    33
         Potion            |       |     1 |     5 |     6 |    14 ||    26
   Stab: Invisible         |       |       |     1 |       |     2 ||     3
         Distracted        |       |       |       |     2 |       ||     2
         Petrified         |       |       |       |       |     1 ||     1
 Armour: Scale mail        |    31 |     7 |       |       |       ||    38
         Plate armour      |       |    34 |    47 |     3 |       ||    84
         Chain mail        |       |       |       |    70 |    38 ||   108
         Robe              |       |       |       |    61 |       ||    61
         Ice dragon scales |       |       |       |       |    74 ||    74
         Skin              |       |       |       |       |    32 ||    32
  Dodge: Dodged            |    47 |    22 |    45 |   196 |    92 ||   402
  Block: Buckler           |    24 |     5 |       |   313 |   252 ||   594
         Other             |       |       |    20 |     1 |       ||    21
         Reflection        |       |       |       |    21 |     6 ||    27

Table legend: (Time is in decaauts)
 A = Elapsed time spent in this place.
 B = Non-inter-level travel time spent in this place.
 C = Inter-level travel time spent in this place.
 D = Time resting spent in this place.
 E = Time spent auto-exploring this place.
 F = Levels seen in this place.
 G = Mean time per level.
                   A        B        C        D        E       F      G
               +--------+--------+--------+--------+--------+-----+--------+
         Total |  17437 |  16559 |    878 |      0 |  13183 |  19 |  917.7 |
       Dungeon |   9272 |   8523 |    749 |      0 |   7026 |  11 |  842.9 |
        Temple |     40 |     40 |      0 |      0 |      9 |   1 |   40.0 |
          Lair |   4068 |   3940 |    128 |      0 |   3202 |   3 | 1356.0 |
   Spider Nest |    748 |    748 |      0 |      0 |    596 |   1 |  748.0 |
        Bailey |   1630 |   1630 |      0 |      0 |   1282 |   1 | 1630.0 |
      Ice Cave |    800 |    800 |      0 |      0 |    402 |   1 |  800.0 |
       Volcano |    876 |    876 |      0 |      0 |    665 |   1 |  876.0 |
               +--------+--------+--------+--------+--------+-----+--------+

Top non-repeatable levels by time:
  Lair:3: 1913 daAuts
  Bailey: 1630 daAuts
  Lair:1: 1259 daAuts
     D:6: 1212 daAuts
     D:5: 1058 daAuts
    D:10: 994 daAuts
     D:2: 991 daAuts
     D:3: 933 daAuts
  Lair:2: 895 daAuts
 Volcano: 876 daAuts
     D:9: 848 daAuts
     D:1: 805 daAuts
   IceCv: 800 daAuts
    D:11: 799 daAuts
Spider:1: 748 daAuts
